 Dungeon Crawl Stone Soup version 0.32-a0-699-g1ee5eff (webtiles) character file.

Game seed: 13810789558991623205

131 Toastz the Shooter (level 4, -2/40 HPs)
             Began as a Minotaur Hunter on Mar 13, 2024.
             Slain by Sigmund
             ... wielding a +0 scythe
              (7 damage)
             ... on level 3 of the Dungeon.
             The game lasted 00:04:01 (2135 turns).

Toastz the Shooter (Minotaur Hunter)                Turns: 2135, Time: 00:04:03

Health: -2/40      AC:  3    Str: 16    XL:     4   Next: 91%
Magic:  3/3        EV: 11    Int:  6    God:
Gold:   93         SH:  5    Dex: 15    Spells: 3/3 levels left

rFire   . . .        a - +0 shortbow
rCold   . . .        (shield currently unavailable)
rNeg    . . .        c - +0 leather armour
rPois   .            (helmet restricted)
rElec   .            (no cloak)
rCorr   .            (no gloves)
SInv    .            (no boots)
Will    .....        q - amulet of reflection
Stlth   +            (no ring)
HPRegen 0.26/turn    (no ring)
MPRegen 0.08/turn

%: reflection
@: no status effects
A: horns 2, retaliatory headbutt
a: no special abilities


You were on level 3 of the Dungeon.
You visited 1 branch of the dungeon, and saw 3 of its levels.

You collected 93 gold pieces.

Inventory:

Hand Weapons
 a - a +0 shortbow (weapon)
Armour
 c - a +0 leather armour (worn)
 e - a +0 ring mail
 u - the +1 kite shield "Laaphoff" {Harm rC+}
   (You found it on level 3 of the Dungeon)

   rC+:       It protects you from cold.
   Harm:      It increases damage dealt and taken.
Jewellery
 q - an amulet of reflection (around neck)
 s - a ring of ice
Scrolls
 b - a scroll of butterflies
 d - a scroll of amnesia {unknown}
 f - a scroll of enchant armour {unknown}
 g - a scroll of noise {unknown}
 h - 2 scrolls of revelation {unknown}
 i - a scroll of vulnerability {unknown}
 j - a scroll of identify {unknown}
 l - a scroll of acquirement {unknown}
 m - 2 scrolls of teleportation {unknown}
Potions
 k - 2 potions of heal wounds {unknown}
 n - a potion of degeneration {unknown}
 o - a potion of enlightenment {unknown}
 p - a potion of might {unknown}
 r - a potion of haste {unknown}
 t - a potion of resistance {unknown}


   Skills:
 + Level 3.7 Fighting
 * Level 5.8 Ranged Weapons
 + Level 1.1 Armour
 - Level 3.1 Dodging
 - Level 0.7 Stealth


You had 3 spell levels left.
You didn't know any spells.
Your spell library was empty.

Dungeon Overview and Level Annotations

Branches:
Dungeon (3/15)

Altars:

Shops:
D:1 =

Annotations:
D:3 Sigmund


Innate Abilities, Weirdness & Mutations

You have a pair of horns on your head.
You reflexively headbutt those who attack you in melee.


Message History

Fire: a) +0 shortbow
Press: ? - help, Q - select action Shift-Dir - straight line, f/p - Sigmund
Aim: Sigmund, wielding a +0 scythe and wearing a +0 robe (severely wounded, 58% to hit)
You shoot an arrow. The arrow closely misses Sigmund.
Sigmund casts a spell.
Sigmund flickers and vanishes!
Deactivating autopickup; reactivate with Ctrl-A.
Fire: a) +0 shortbow
Press: ? - help, Q - select action Shift-Dir - straight line, f - you Really target yourself? [Y]es or [N]o only, please.
Really target yourself?
Okay, then.
Fire: a) +0 shortbow
Press: ? - help, Q - select action Shift-Dir - straight line You shoot an arrow.
Something hits you!
Fire: a) +0 shortbow
Press: ? - help, Q - select action Shift-Dir - straight line You shoot an arrow.
You hear some strange, mumbled words.
A magic dart appears from out of thin air!
The magic dart hits you.
Fire: a) +0 shortbow
Press: ? - help, Q - select action Shift-Dir - straight line You shoot an arrow.
Something hits you!
Fire: a) +0 shortbow
Press: ? - help, Q - select action Shift-Dir - straight line You shoot an arrow.
Something hits you!
* * * LOW HITPOINT WARNING * * *
Fire: a) +0 shortbow
Press: ? - help, Q - select action Shift-Dir - straight line You shoot an arrow.
Fire: a) +0 shortbow
Press: ? - help, Q - select action Shift-Dir - straight line You shoot an arrow.
Something hits you!
You die...

#.........# ..##.
#.........# .... .#
###+#####.# #... .# #.#
# ..? .# #.# #.# .. .#
#.#
#...#.##.#####.#####.##
#....{.................
#@..# ###.####<.##
##..# #..# #..### #..#
#....# ##..## #..#.#
.....( #..#.# ###
#...## ###..#.###.#
#..#..
#..........###..#.#
....###.#..##.#....#..


There were no monsters in sight!

Vanquished Creatures
  Natasha (D:2)
  5 gnolls
  An adder (D:3)
  A ribbon worm (D:2)
  2 ball pythons (D:1)
  3 bats (D:1)
  5 endoplasms
  5 goblins
  5 hobgoblins
  7 jackals (D:1)
  3 quokkas
  3 frilled lizards (D:1)
  3 kobolds
  3 rats
47 creatures vanquished.

Notes
Turn   | Place    | Note
-------+----------+-------------------------------------------
     0 | D:1      | Toastz the Minotaur Hunter began the quest for the Orb.
     0 | D:1      | Reached XP level 1. HP: 18/18 MP: 0/0
    17 | D:1      | Reached XP level 2. HP: 10/25 MP: 1/1
   451 | D:1      | Reached skill level 5 in Ranged Weapons
   451 | D:1      | Reached XP level 3. HP: 28/31 MP: 2/2
   791 | D:1      | Found Mutzen's Jewellery Emporium.
  1302 | D:2      | Reached XP level 4. HP: 28/38 MP: 3/3
  1688 | D:2      | Noticed Natasha
  1693 | D:2      | Killed Natasha
  2056 | D:3      | Reached skill level 1 in Armour
  2120 | D:3      | Identified the +1 kite shield "Laaphoff" {Harm rC+}
  2122 | D:3      | Noticed Sigmund
  2135 | D:3      | Slain by Sigmund

Illustrated notes

Levels and vault maps discovered:
D:1:      eino_arrival_water_star, layout_basic, serial_shops, shop
D:2:      layout_basic, uniq_natasha
D:3:      layout_basic, serial_shops, nicolae_shop_advertising_works
          [nicolae_subvault_shop_adworks], uniq_sigmund

Skill      XL: |  1  2  3  4 |
---------------+-------------+-----
Fighting       | 3 |  3.7
Ranged Weapons | 5 |  5.8
Dodging        | 3 |  3.1
Armour         | 1 |  1.1
Stealth        | |  0.7

Action                     |  1- 3 |  4- 6 || total
---------------------------+-------+-------++-------
   Fire: Shortbow          |    89 |    62 ||   151
 Armour: Leather armour    |    58 |    18 ||    76
  Dodge: Dodged            |    53 |     9 ||    62
  Block: Other             |       |     5 ||     5

Table legend: (Time is in decaauts)
 A = Elapsed time spent in this place.
 B = Non-inter-level travel time spent in this place.
 C = Inter-level travel time spent in this place.
 D = Time resting spent in this place.
 E = Time spent auto-exploring this place.
 F = Levels seen in this place.
 G = Mean time per level.
                   A        B        C        D        E       F      G
               +--------+--------+--------+--------+--------+-----+--------+
         Total |   2160 |   2064 |     96 |    244 |   1470 |   3 |  720.0 |
       Dungeon |   2160 |   2064 |     96 |    244 |   1470 |   3 |  720.0 |
               +--------+--------+--------+--------+--------+-----+--------+

Top non-repeatable levels by time:
     D:1: 1130 daAuts
     D:2: 653 daAuts
     D:3: 377 daAuts
